Cogmind - Beta 13 @@@ ROGUE MODE // 2024.04.02 @ 18:52:40 Player: ivanmixo Result: Destroyed by G-47 Trooper with Particle Gun Performance ------------- Evolutions (0) 0 Regions Visited (2) 400 Robots Destroyed (13) 65 Value Destroyed (330) 330 Prototype IDs (0) 0 Alien Tech Used (0) 0 Bonus (0) 0 TOTAL SCORE: 795 Bonus ------- None Cogmind --------- Core Integrity 0/250 Matter 271/300 Energy 93/100 System Corruption 9% Temperature Cool (52) Movement Core (250) Ox4 Location -10/Mines Parts ------- > --- POWER (1) -------- (None) > --- PROPULSION (2) --- (None) > --- UTILITY (2) ------ Medium Storage Unit > --- WEAPON (2) ------- EM Pulse Gun Light Assault Rifle > --- INVENTORY (10) --- Ion Engine Ion Engine Peak State ------------ > --- POWER ------------ (None) > --- PROPULSION ------- Aluminum Leg Aluminum Leg > --- UTILITY ---------- Improved Heat Sink Medium Storage Unit > --- WEAPON ----------- Light Assault Rifle Light Assault Rifle > --- INVENTORY -------- Ion Engine Ion Engine Light Ion Engine EM Pulse Gun Light Assault Rifle Light Assault Rifle [Rating: 8] Favorites ----------- Power Light Ion Engine Engine Light Ion Engine Propulsion Wheel Leg Aluminum Leg Wheel Wheel Utility Medium Storage Unit Device Improved Heat Sink Storage Medium Storage Unit Weapon Light Assault Rifle Energy Gun EM Pulse Gun Ballistic Gun Light Assault Rifle Build | -11 -10 -10 ------- Run | Yrd Mat Min Slots Evolved . | . . . Power . | . . . Propulsion . | . . . Utility . | . . . Weapon . | . . . Parts Attached 16 | 6 1 9 Power 2 | 1 . 1 Engine 2 | 1 . 1 Core . | . . . Reactor . | . . . Propulsion 4 | 2 . 2 Treads . | . . . Leg 2 | . . 2 Wheel 2 | 2 . . Hover . | . . . Flight . | . . . Utility 3 | 1 1 1 Device 1 | . . 1 Storage 2 | 1 1 . Processor . | . . . Hackware . | . . . Protection . | . . . Artifact . | . . . Weapon 7 | 2 . 5 Energy Gun 1 | . . 1 Energy Cannon . | . . . Ballistic Gun 6 | 2 . 4 Ballistic Cannon . | . . . Launcher . | . . . Special Weapon . | . . . Impact Weapon . | . . . Slashing Weapon . | . . . Piercing Weapon . | . . . Special Melee Weapon . | . . . Unidentified Prototypes . | . . . Parts Lost 10 | . 2 8 Power 2 | . 1 1 Propulsion 4 | . 1 3 Utility 1 | . . 1 Weapon 3 | . . 3 Highest Loss Streak 5 | . 2 5 To Critical Strikes . | . . . Average Slot Usage (%) 66 | . 76 58 Engine 5 | . 9 2 Leg 4 | . . 8 Wheel 13 | . 22 6 Storage 14 | . 14 14 Energy Gun 1 | . . 2 Ballistic Gun 25 | . 28 23 Naked Turns . | . . . Heaviest Build 20 | 10 20 15 Greatest Support 20 | 20 20 20 Greatest Overweight (x) 4 | . 1 4 Average Overweight (x) . | . . 1 Largest Inventory Capacity 10 | 8 10 10 Average Capacity 9 | 6 9 10 Most Carried 6 | 2 5 6 Average Carried 4 | 1 4 5 Final Capacity 10 | 8 10 10 Final Carried 5 | 2 5 2 Class Distribution -------------------- 88% | Mutant 11% | Scavenger-Mutant Dominant Class ---------------- Mutant | -10/Materials Mutant | -10/Mines Resources | -11 -10 -10 ----------- Run | Yrd Mat Min Matter Collected 385 | 249 65 71 Remotely . | . . . Salvage Created 377 | . 211 166 Parts 30 | . 19 11 Haulers Intercepted . | . . . Recyclers Shooed . | . . . Parts Field Recycled . | . . . Retrieved Matter . | . . . Parts Self-Destructed . | . . . Prevented . | . . . Kills | -11 -10 -10 ------- Run | Yrd Mat Min Combat Hostiles Destroyed 14 | . 7 7 Guns 14 | . 7 7 Classes Destroyed 4 | . 2 2 Swarmer 6 | . 3 3 Grunt 6 | . 4 2 Demolisher 1 | . . 1 Assembled 1 | . . 1 Best Kill Streak 5 | . 5 3 Combat Bots Only 5 | . 5 3 Max Kills in Single Turn 1 | . 1 1 Gunslinging . | . . . Exploded . | . . . Melee . | . . . Uniques/NPCs Destroyed . | . . . Combat | -11 -10 -10 -------- Run | Yrd Mat Min Hostile Shots Fired 76 | . 31 45 Missed 20 | . 8 12 Damage Taken 956 | . 225 731 Core 250 | . 62 188 Absorbed by Shields . | . . . Core Remaining (%) 100 | 100 . . Volleys Fired 53 | . 27 26 Largest 2 | . 2 2 Hottest 60 | . 40 60 Shots Fired 105 | . 54 51 Gun 105 | . 54 51 Cannon . | . . . Launcher . | . . . Special . | . . . Kinetic 103 | . 54 49 Thermal . | . . . Explosive . | . . . Electromagnetic 2 | . . 2 Robot Hit Streak 9 | . 9 7 Robot Miss Streak 5 | . 3 5 Penetration Max . | . . . Secondary Targets 5 | . 2 3 Max Gunslinging Chain 1 | . 1 1 Shots Hit Robots 60 | . 35 25 Core Hits 31 | . 14 17 Critical Kills 1 | . . 1 Critical Parts Destroyed . | . . . Critical Strikes 1 | . . 1 Destroy 1 | . . 1 Melee Attacks . | . . . Impact . | . . . Slashing . | . . . Piercing . | . . . Sneak Attacks . | . . . Combat Hostiles . | . . . Follow-up Attacks . | . . . Damage Inflicted 489 | . 284 205 Guns 489 | . 284 205 Cannons . | . . . Explosions . | . . . Melee . | . . . Ramming . | . . . Kinetic 489 | . 284 205 Thermal . | . . . Explosive . | . . . Electromagnetic . | . . . Impact . | . . . Slashing . | . . . Piercing . | . . . Highest Corruption 9 | . . 9 Average Corruption 8 | . . 8 Corruption Purged . | . . . Corruption Blocked . | . . . Effects 3 | . . 3 Message Errors 2 | . . 2 Energy Discharges 1 | . . 1 Overload Shots . | . . . Overflow Damage . | . . . Projectiles . | . . . Explosions . | . . . Melee . | . . . Knockbacks . | . . . Impact . | . . . Kinetic . | . . . Secondary . | . . . Self-Inflicted Damage . | . . . Shots . | . . . Rammed . | . . . Targets Rammed . | . . . Kicked . | . . . Crushed . | . . . Highest Temperature 43 | . 18 43 Average Temperature 8 | . 7 9 Received Heat Transfer 233 | . 66 167 Siege Activations . | . . . Robots Corrupted . | . . . Combat Hostiles . | . . . Parts Fried . | . . . Impact Corruptions . | . . . Robots Melted . | . . . Combat Hostiles . | . . . Parts Melted . | . . . Heat Transferred . | . . . Parts Sabotaged . | . . . Parts Stolen . | . . . Parts Stripped . | . . . Power Chain Reactions . | . . . Alert | -11 -10 -10 ------- Run | Yrd Mat Min Peak Influence 239 | . 239 203 Initial 93 | . . 93 Average 157 | . 165 173 Maximum Alert Level 1 | . 1 1 Low Security (%) 72 | 100 54 83 Level 1 27 | . 45 16 Level 2 . | . . . Level 3 . | . . . Level 4 . | . . . Level 5 . | . . . High Security . | . . . Max Security . | . . . Squads Dispatched 2 | . 2 . Investigation . | . . . Extermination . | . . . Reinforcement 2 | . 2 . Assault . | . . . Garrison . | . . . Intercept . | . . . Searches Triggered . | . . . Construction Impeded . | . . . Haulers Reinforced . | . . . Active Scanning Responses . | . . . Cargo Convoy Interrupts . | . . . Stealth | -11 -10 -10 --------- Run | Yrd Mat Min Distress Signals 2 | . 1 1 Communications Jammed . | . . . Distress Signals . | . . . Times Spotted 34 | . 12 22 Peak Tracking Total 15 | . 5 15 Tactical Retreats 2 | . 1 1 Traps | -11 -10 -10 ------- Run | Yrd Mat Min Traps Triggered . | . . . Indirectly . | . . . Trap Hack Attempts . | . . . Triggered . | . . . Disarmed . | . . . Reprogrammed . | . . . Reused . | . . . Traps Extracted . | . . . Installed . | . . . Triggered . | . . . Machines | -11 -10 -10 ---------- Run | Yrd Mat Min Machines Disabled . | . . . Max in Single Turn . | . . . Machines Repaired . | . . . Machines Dismantled . | . . . Machines Sabotaged . | . . . Overloaded Fab Kills . | . . . Hacking | -11 -10 -10 --------- Run | Yrd Mat Min Machines Accessed 1 | . 1 . Terminals 1 | . 1 . Fabricators . | . . . Repair Stations . | . . . Recycling Units . | . . . Scanalyzers . | . . . Garrison Access . | . . . Total Hacks 2 | . 2 . Successful 1 | . 1 . Failed 1 | . 1 . Catastrophic . | . . . Database Lockouts . | . . . Manual . | . . . Terminals 2 | . 2 . Fabricators . | . . . Repair Stations . | . . . Recycling Units . | . . . Scanalyzers . | . . . Garrison Access . | . . . Terminal Hacks 1 | . 1 . Zone Layout 1 | . 1 . Fabricator Hacks . | . . . Repair Station Hacks . | . . . Recycling Unit Hacks . | . . . Scanalyzer . | . . . Garrison Access Hacks . | . . . Unauthorized Hacks . | . . . Terminals . | . . . Fabricators . | . . . Repair Stations . | . . . Recycling Units . | . . . Scanalyzers . | . . . Garrison Access . | . . . Data Cores Recovered . | . . . Used . | . . . Hacking Detections 1 | . 1 . Full Trace Events . | . . . Feedback Events . | . . . Feedback Blocked . | . . . Robot Schematics Acquired . | . . . Robots Built . | . . . Authchips . | . . . Time . | . . . Total Robot Build Rating . | . . . Part Schematics Acquired . | . . . Parts Built . | . . . Authchips . | . . . Time . | . . . Total Part Build Rating . | . . . Parts Repaired . | . . . Time . | . . . Parts Recycled . | . . . Recycled Matter . | . . . Retrieved Matter . | . . . Retrieved Components . | . . . Parts Scanalyzed . | . . . Part Schematics Acquired . | . . . Parts Damaged . | . . . Bothacking | -11 -10 -10 ------------ Run | Yrd Mat Min Used RIF Installer . | . . . Robots Hacked . | . . . Non-combat . | . . . Combat . | . . . Robot Hacks Applied . | . . . Relay Couplers Released . | . . . Fabnet Peak Effective % . | . . . Robots Rewired . | . . . Allies Hacked . | . . . Hacks Repelled . | . . . Allies | -11 -10 -10 -------- Run | Yrd Mat Min Total Allies . | . . . Largest Group . | . . . Highest-Rated Group . | . . . Highest-Rated Ally . | . . . Total Orders . | . . . Ally Attacks . | . . . Total Damage . | . . . Kills . | . . . Allies Corrupted . | . . . Allies Melted . | . . . Intel | -11 -10 -10 ------- Run | Yrd Mat Min Robot Analysis Total . | . . . Derelict Logs Recovered 2 | . . 2 Drone Launches . | . . . Drone Recoveries . | . . . Exploration | -11 -10 -10 ------------- Run | Yrd Mat Min Turns Passed 579 | 41 244 294 Spaces Moved 407 | 38 194 175 Core 22 | 2 . 20 Treads . | . . . Legs 46 | . . 46 Wheels 339 | 36 194 109 Hover . | . . . Flight . | . . . Fastest Speed 50 | 50 80 95 Average Speed 99 | 78 85 120 Slowest Speed 250 | 80 95 250 Overloaded Moves . | . . . Propulsion Burnouts . | . . . Robots Hopped . | . . . Cave-ins Triggered . | . . . Exploration Rate (%) 29 | 4 34 51 Regions Visited 2 Branch Regions 1 Pre-discovered Areas . | . . . Known Exits Taken . | . . . Unknown Exits Taken 2 | 1 1 . Scrap Searched . | . . . Spaces Dug . | . . . Terrain Destroyed . | . . . Melee . | . . . Projectile . | . . . AOE . | . . . Terrain Rammed . | . . . Walls Destroyed . | . . . Machines Disabled . | . . . Actions | -11 -10 -10 --------- Run | Yrd Mat Min Total 490 | 46 228 216 Wait 7 | . 2 5 Move 405 | 37 193 175 Hop . | . . . Pick Up 6 | 3 3 . Fast Attach 9 | 5 1 3 Attach 6 | 1 . 5 Detach 2 | . 1 1 Swap 1 | . . 1 Drop 1 | . 1 . Fire 53 | . 27 26 Melee . | . . . Ram . | . . . Kick . | . . . Crush . | . . . Escape Stasis . | . . . Rewire . | . . . Trap . | . . . Miscellaneous . | . . . Route ------- -11/Scrapyard -10/Materials (discovered 2 exits: [*Mat] / [*Min]) -10/Mines (discovered 1 exit: [*Mat]) History --------- Turn | Location | Event 19 | -11/Scrapyard | Discovered new exit (range 16) 42 | -11/Scrapyard | Entered Materials 135 | -10/Materials | Discovered new exit (range 11) 247 | -10/Materials | Discovered new exit (range 10) 286 | -10/Materials | Entered Mines 320 | -10/Mines | Build established: Mutant 324 | -10/Mines | Discovered new exit (range 11) 345 | -10/Mines | Met a Derelict bent on vengeance 373 | -10/Mines | Learned Materials terminal intel 441 | -10/Mines | Learned Materials stockpile data 448 | -10/Mines | Assembled infested the area 487 | -10/Mines | Core integrity fell below 50% 540 | -10/Mines | Core integrity fell below 20% 570 | -10/Mines | Lost 5 parts (1p2n2w) 580 | -10/Mines | Destroyed by G-47 Trooper with Particle Gun Last Messages --------------- 00516_ Lgt. Assault Rifle destroyed. 00531_ Aluminum Leg destroyed. 00534_ The unstable cave ceiling collapses. 00537_ Lgt. Assault Rifle destroyed. 00538_ The unstable cave ceiling collapses. 00539_ Lgt. Ion Engine destroyed. 00540_ 5C0 UU%U 1O=DSRIJX> 00540_ D-53 Grenadier destroyed. 00543_ Acquired 15 matter. 00550_ The unstable cave ceiling collapses. 00554_ T-07 Excavator is excavating. 00555_ The unstable cave ceiling collapses. 00561_ K-01 Serf collects debris. 00568_ System corrupted: Energy discharge (-34). 00568_ The unstable cave ceiling collapses. 00570_ K-01 Serf collects debris. 00571_ The unstable cave ceiling collapses. 00573_ K-01 Serf collects debris. 00578_ Critical hit (Burn: +37). 00579_ K-01 Serf collects debris. Map ----- +----------------------------------------------------+ | ## #????# #??# #???????# | | ?###????## #?# #???????############## | | ?????????## #?# ##????????????????????# | | ??????????## ##?# ##?????????????????????# | | ???????????####?# ##??????????????????????# | | ???????????????# """ #???????????????????????# | | ??????????????# """ #???????????????????????## | | ????????????? """ #???????????????????####?? | | ???????????? """ #?????????????????### ##? | | ???????????###### ?? ?????????????????## ## | | ????????????????????? #?????????????????# | | ????????????????????###????????########### | | ????????????????????????????# | | ???????????????????????????????####### ##### | | ?????????????????????????????????????# #???#### | | ?????????????????????????????????????# #??????# | | ?????????????????????????????######### #??????## | | ?????????????????????????????# #????????# | | ?????????????????????????????# ####### #?????????# | | ?????????????????????????????# ####### #?????????# | | ?????????????????????????????# # ## #?????????# | | ????????????????????????????## # # ####??????# | | ??????????????????????????### # # #?##???# | | ????????????????????????### # # ##??# | | ???????????????????????## # #??# | | ????????? #### @ # #??# | | ???????????????# gg k #??# | | ???????????????## #### ## ##??# | | ????????????????## ?????##### # # ##??? | | ????????????????????????????# ###### ####????# | | ????????????????????????????# #???? ###???????? | | ????????????????????????????# #????# ##?????????? | | ????????????????????????????# #????###??????????? | | ????????????????????????????# ?????????????????? | | ????????????????????????????####?????????????????? | | ?????????????????????????????????????????????????? | | ?????????????????????????????????????????????????? | | ?????????????????????????????????????????????????? | | ?????????????????????????????????????????????????? | | ?????????????????????????????????????????????????? | | ?????????????????????????????????????????????????? | | ?????????????????????????????????????????????????? | | ?????????????????????????????????????????????????? | | ?????????????????????????????????????????????????? | | ?????????????????????????????????????????????????? | | ?????????????????????????????????????????????????? | | | | | | | | | +----------------------------------------------------+ Best States ------------- Heat Dissipation 39 Energy Generation 10 Energy Capacity 125 Matter Stores 300 Matter Capacity 300 Sight Range 16 Terrain Scan Density 10 Evasion (%) 55 Item Schematics ----------------- None Robot Schematics ------------------ None Fabricated ------------ Nothing Alien Tech Used ----------------- None Achievements -------------- None Challenges ------------ None Game ------ Seed PiercingSchematicLeg Manual? 0 Play Time 00:10:38 Cumulative 3.7 hours Start 2024.04.02 @ 08:12:10 End 2024.04.02 @ 18:52:40 Sessions 3 Manual Loads 0 Difficulty Rogue Special Mode None Game No. 5 Rogue 5 Adventurer 0 Explorer 0 Win Type - Total 0 Types 0/0/0/0/0/0/0/0/0 Lore% 1 Gallery% 10 Achievement% 8 Wizard Run 0 Options --------- Layout 1 ASCII 0 Keyboard 0 Movement Numpad Keybinds 0 Fullscreen 2 Font 24/Smallcaps Map View 50x35 Zoom Use 0% Tactical HUD 1 Map Filters NONE Filters NONE Steam 1 RUN: 6e060401-91c8-4348-a8f1-88311c1c7472